 Dungeon Crawl Stone Soup version 0.31.0-32-g396128a36d (webtiles) character file.

Game seed: 9404581093535780184

3270 monsoonserge the Grappler (level 10, -4/91 HPs)
             Began as an Octopode Shapeshifter on Apr 8, 2024.
             Was an Initiate of Gozag.
             Slain by an orc warrior
             ... wielding a +0 glaive
              (6 damage)
             ... in a bailey.
             The game lasted 00:23:58 (7396 turns).

monsoonserge the Grappler (Octopode Shapeshifter)   Turns: 7396, Time: 00:23:59

Health: -4/91      AC: 29    Str: 19    XL:     10   Next: 0%
Magic:  0/19       EV:  2    Int: 12    God:    Gozag
Gold:   561        SH:  3    Dex: 11    Spells: 4/9 levels left

rFire   . .          .
                       - Unarmed
rCold   . . .        C - +0 buckler
rNeg    + . .        (helmet currently unavailable)
rPois   +            N - amulet of guardian spirit
rElec   .            f - +5 ring of evasion
rCorr   .            m - ring of positive energy
SInv    .            F - +5 ring of evasion
Will    .....        J - +4 ring of protection
Stlth   ++           M - ring of magical power
HPRegen 0.35/turn    (no ring)
MPRegen 0.16/turn    (no ring)
                     (no ring)

%: guardian spirit
@: tree-form, gold aura
A: stationary, stasis, torment immunity, boosted hp, almost no armour,
(amphibious), 8 rings, (camouflage 1), (gelatinous body 1), (nimble swimmer 1),
(tentacles)
a: Renounce Religion, Potion Petition, Call Merchant, Bribe Branch


You were in a bailey.
You worshipped Gozag.
Gozag was pleased with you.
You were a tree.
You visited 2 branches of the dungeon, and saw 9 of its levels.
You also visited: Sewer and Bailey.

You collected 780 gold pieces.
You spent 140 gold pieces at shops.
You paid 79 gold pieces to Gozag.

Inventory:

Missiles
 g - 5 atropa-tipped darts
 o - a curare-tipped dart
 r - 5 silver javelins (quivered)
 B - 5 javelins
Armour
 C - a +0 buckler (worn)
Magical Staves
 t - a staff of conjuration
Jewellery
 f - a +5 ring of evasion (left branch)
 m - a ring of positive energy (right branch)
 F - a +5 ring of evasion (on tentacle)
 J - a +4 ring of protection (on tentacle)
 M - a ring of magical power (on tentacle)
 N - an amulet of guardian spirit (around neck)
Talismans
 b - a beast talisman
 c - a flux talisman (active)
 w - a serpent talisman
Wands
 v - a wand of iceblast (6)
 y - a wand of light (21)
Scrolls
 k - a scroll of summoning
 l - 9 scrolls of teleportation {unknown}
 q - 3 scrolls of blinking
 s - 2 scrolls of poison
 u - 2 scrolls of fear
 x - a scroll of brand weapon
 G - a scroll of torment {unknown}
 H - a scroll of amnesia {unknown}
 I - a scroll of vulnerability {unknown}
 K - a scroll of acquirement {unknown}
 L - a scroll of enchant weapon {unknown}
Potions
 d - a potion of cancellation
 e - 3 potions of haste
 h - 5 potions of heal wounds
 i - 2 potions of brilliance
 j - a potion of magic
 n - 3 potions of curing
 p - 4 potions of enlightenment
 z - a potion of mutation
 A - a potion of berserk rage
 D - 2 potions of might {unknown}
 E - 2 potions of attraction {unknown}


   Skills:
 + Level 2.6 Fighting
 + Level 3.7 Dodging
 - Level 2.1 Stealth
 + Level 10.4 Unarmed Combat
 - Level 1.0 Evocations
 * Level 8.2 Shapeshifting


You had 4 spell levels left.
You knew the following spells:

 Your Spells              Type           Power      Damage    Failure   Level
a - Lesser Beckoning      Tloc           0%         N/A       54%         2
b - Mephitic Cloud        Conj/Alch/Air  0%         N/A       77%         3

Your spell library contained the following spells:

 Spells                   Type           Power      Damage    Failure   Level
 Slow                     Hex            0%         N/A       38%         1
 Summon Small Mammal      Summ           0%         N/A       38%         1
 Cigotuvi's Dreadful Rot  Necr/Alch/Air  0%         N/A       54%         2
 Ensorcelled Hibernation  Hex/Ice        0%         N/A       54%         2
 Mercury Vapours          Alch/Air       0%         N/A       54%         2
 Call Canine Familiar     Summ           0%         N/A       77%         3
 Confusing Touch          Hex            0%         N/A       77%         3
 Gell's Gravitas          Tloc           0%         N/A       77%         3
 Passwall                 Erth           0%         N/A       77%         3
 Sigil of Binding         Hex            0%         N/A       77%         3
 Swiftness                Air            0%         N/A       77%         3
 Teleport Other           Tloc           0%         N/A       77%         3
 Vampiric Draining        Necr           0%         2d6       77%         3
 Iskenderun's Mystic Bla  Conj/Tloc      0%         2d3       99%         4
 Summon Blazeheart Golem  Fire/Summ      0%         N/A       99%         4
 Borgnjor's Vile Clutch   Necr/Erth      0%         N/A       100%        5
 Freezing Cloud           Conj/Ice/Air   0%         6-21      100%        5
 Death Channel            Necr           0%         N/A       100%        6


Dungeon Overview and Level Annotations

Branches:
Dungeon (8/15)             Temple (1/1) D:6           Sewer (visited)
 Bailey (1/1)
   Lair: D:8-11

Altars:
Ashenzari
Cheibriados
Dithmenos
Elyvilon
Fedhas
Gozag
Hepliaklqana
Kikubaaqudgha
Nemelex Xobeh
Okawaru
Qazlal
Ru
Sif Muna
Trog
Uskayaw
Vehumet
Yredelemnul
Zin
The Shining One

Shops:
D:6 :   D:7 !

Annotations:
D:3 3 runed translucent doors, bearlyready's ghost, amateur HOBe; krauser's ghost, amateur GnDe


Innate Abilities, Weirdness & Mutations

You are a tree.
Your roots penetrate the ground, keeping you stationary.
You cannot be teleported.
You are immune to unholy pain and torment.
Your maximum health is greatly increased.
You cannot wear most types of armour.
((You are amphibious.))
You can wear up to eight rings at the same time.
((Your skin changes colour to match your surroundings (Stealth+).))
((Your rubbery body absorbs attacks. (AC +1, EV +1)))
((You are camouflaged when in or above water. (Stealth+)))
((You have tentacles for arms and can constrict up to eight enemies at once.))


Message History

The orc warriors go into a battle-frenzy!
The orc warrior completely misses you. x2
The orc warrior hits you with a +0 glaive!!
Unknown command.
Press: ? - help, v - describe, . - travel
Here: an orc knight, wielding a +0 halberd and wearing a +0 plate armour (lightly wounded, blind, unable to see you)
The floor.
Your transformation has ended.
Your +0 buckler unmelds from your body.
You turn into a tree.
Your roots penetrate the ground.
You lose your grip on the orc warrior.
The orc warrior is distracted by your dazzling golden aura.
The orc warrior hits you with a +0 spear!
* * * LOW HITPOINT WARNING * * *
The orc warrior hits you with a +0 glaive.
* * * LOW HITPOINT WARNING * * *
The orc warrior shouts!
Press: ? - help, v - describe, . - travel
Here: an orc warrior, wielding a +0 glaive and wearing a +0 plate armour (strong)
The floor.
You pummel the orc warrior!!
The orc warrior is severely wounded.
The orc warrior hits you with a +0 spear!
* * * LOW HITPOINT WARNING * * *
The orc warrior is distracted by your dazzling golden aura.
The orc warrior shouts!
Unknown command.
You barely miss the orc warrior.
The orc warrior is no longer distracted by gold.
The orc warrior is severely wounded.
The orc warrior hits you but does no damage.
Unknown command.
You smack the orc warrior!
You kill the orc warrior!
The orc knight is no longer blind.
The orc warrior is no longer distracted by gold.
The orc warrior hits you with a +0 spear!
* * * LOW HITPOINT WARNING * * *
The orc warrior hits you from afar with a +0 glaive!
You die...
Your body crumbles into a pile of gold.

##.........## ##..~~~~~~~..##
##..~~.....~~..##
#####..~~..###..~~..##########
......~~..## ##..~~..........#
)~)~~~~..##.∩.##..~~~~~~~~~~.#
........##.....##........).~.#
############+###$#########)).#
# ...§§.$♣# ##.).# ##
≈≈≈≈§≈≈.o# ##..~.# .##
≈.§§.o§§o.# ##..~~.# ..#
..⌠∩⌠......# #..~~.∩# ..#+#
...⌠...≈§..#+#..~~.## .##.##
≈.....≈§..'#.##..~~.# ##.$.
≈≈≈.≈≈≈..##...##..~.# #.$$$
........## ....##.~.#
######### ##########.~.#


You could see an orc knight and 2 orc warriors.

Vanquished Creatures
  An orc knight (Bailey)
  Sigmund (D:2)
  Menkaure (D:6)
  A black bear (D:7)
  An ice beast (D:6)
  5 orc warriors
  3 ogres
  A sky beast (D:7)
  2 phantoms
  A kobold brigand (Sewer)
  2 bullfrogs
  3 scorpions
  A howler monkey (D:7)
  2 bombardier beetles
  2 centaur zombies (D:7)
  A gnoll bouda (D:7)
  7 hounds
  5 jellies
  2 orc priests
  2 sleepcaps (D:5)
  2 iguanas
  Natasha (thrice) (D:2)
  2 orc wizards
  A killer bee zombie (D:7)
  An ogre zombie (D:7)
  A mummy (D:7)
  3 gnolls (D:7)
  6 adders
  A river rat (Sewer)
  A shadow imp (D:6)
  A white imp (D:5)
  2 ufetubi (D:6)
  A dart slug (D:3)
  4 ribbon worms
  36 orcs
  9 ball pythons
  4 bats
  5 endoplasms
  A giant cockroach (D:2)
  11 goblins
  5 hobgoblins
  A jackal (Sewer)
  4 quokkas
  6 frilled lizards
  14 kobolds
  8 rats
177 creatures vanquished.

Notes
Turn   | Place    | Note
-------+----------+-------------------------------------------
     0 | D:1      | monsoonserge the Octopode Shapeshifter began the quest for
                  | the Orb.
     0 | D:1      | Reached XP level 1. HP: 13/13 MP: 1/1
    92 | D:1      | Reached XP level 2. HP: 18/18 MP: 2/2
   467 | D:2      | Found a basalt altar of Yredelemnul.
   504 | D:2      | Noticed Sigmund
   649 | D:3      | Reached skill level 4 in Unarmed Combat
   649 | D:3      | Reached XP level 3. HP: 23/23 MP: 3/3
   818 | D:3      | Found a glowing drain.
   878 | Sewer    | Entered a sewer
   943 | Sewer    | Noticed a kobold brigand
   955 | Sewer    | Killed a kobold brigand
   956 | Sewer    | Reached skill level 1 in Stealth
   956 | Sewer    | Reached skill level 5 in Unarmed Combat
   956 | Sewer    | Reached XP level 4. HP: 22/28 MP: 4/4
   956 | Sewer    | Reached XP level 5. HP: 26/33 MP: 5/5
   984 | Sewer    | Learned a level 2 spell: Lesser Beckoning
   994 | Sewer    | Found a glowing silver altar of Zin.
  1213 | D:3      | Found a runed translucent gate.
  1213 | D:3      | Found a runed translucent gate.
  1215 | D:3      | Found a runed translucent gate.
  1217 | D:3      | Noticed krauser's ghost (amateur GnDe)
  1217 | D:3      | Noticed bearlyready's ghost (amateur HOBe)
  1638 | D:3      | Identified the +1 hand axe of True Grit {antimagic, Dex+2}
  1848 | D:2      | Noticed Natasha
  1854 | D:2      | Killed Natasha
  1900 | D:2      | Noticed Natasha
  1905 | D:2      | Killed Natasha
  2175 | D:4      | Reached skill level 6 in Unarmed Combat
  2228 | D:4      | Reached XP level 6. HP: 38/38 MP: 6/6
  2461 | D:5      | Entered Level 5 of the Dungeon
  2736 | D:4      | Reached skill level 7 in Unarmed Combat
  2797 | D:4      | Reached XP level 7. HP: 29/43 MP: 7/7
  3425 | D:5      | Reached skill level 8 in Unarmed Combat
  3766 | D:5      | Reached XP level 8. HP: 22/50 MP: 8/8
  3873 | D:5      | Got Sif Muna's Writings on Akashic Zombies
  4549 | D:6      | Reached skill level 5 in Shapeshifting
  4712 | D:6      | Found Hiohir's Self-Published Books.
  5051 | D:6      | Found a staircase to the Ecumenical Temple.
  5059 | Temple   | Entered the Ecumenical Temple
  5082 | Temple   | Became a worshipper of Gozag Ym Sagoz the Greedy
  5306 | D:6      | Noticed Menkaure
  5320 | D:6      | Killed Menkaure
  5561 | D:2      | Killed Sigmund
  5562 | D:2      | Reached skill level 9 in Unarmed Combat
  5562 | D:2      | Reached XP level 9. HP: 40/55 MP: 9/9
  5908 | D:2      | Noticed Natasha
  5912 | D:2      | Killed Natasha
  6199 | D:7      | Found Masagudd's Distillery.
  6350 | D:7      | Bought a potion of haste for 140 gold pieces
  6752 | D:7      | Learned a level 3 spell: Mephitic Cloud
  7135 | D:8      | Found a flagged portal.
  7160 | Bailey   | Entered a bailey
  7179 | Bailey   | Reached skill level 10 in Unarmed Combat
  7371 | Bailey   | Noticed an orc knight
  7371 | Bailey   | Noticed an orc knight
  7385 | Bailey   | Killed an orc knight
  7386 | Bailey   | Reached skill level 1 in Evocations
  7390 | Bailey   | Reached XP level 10. HP: 61/61 MP: 10/10
  7396 | Bailey   | HP: 2/91 [orc warrior/+0 spear (15)]
  7396 | Bailey   | Slain by an orc warrior

Illustrated notes

Levels and vault maps discovered:
D:1:      dpeg_arrival_stone_temple_mockup, layout_rooms
D:2:      layout_loops_cross, basic_altar, uniq_natasha, uniq_sigmund
D:3:      layout_basic, gammafunk_ghost_cemetery, cheibrodos_sewer_entry_bend,
          minmay_crystal_room, roderic_st_hans_cross, hex_large
D:4:      layout_basic
D:5:      layout_basic, serial_library, serial_library_hellmonk_room_b,
          serial_library_hellmonk_narrow_alcove,
          serial_library_hellmonk_hallway_b, serial_library_hellmonk_big_corner,
          serial_library_hellmonk_secret_room
D:6:      layout_basic, minmay_temple_entry_statues_fountains,
          kennysheep_cross_room, nicolae_custom_books, uniq_menkaure
D:7:      layout_loops_ring, serial_shops, nicolae_shop_industrial_runoff,
          minmay_mini_ossuary
D:8:      layout_basic, grunt_temple_overflow_champion_of_chaos,
          david_lair_shrubbed, enter_bailey_4, serial_shops, shop
Temple:   nicolae_temple_bog_church
Bailey:   bailey_polearm_1, bailey

Skill      XL: |  1  2  3  4  5  6  7  8  9 |
---------------+----------------------------+-----
Unarmed Combat | 4 5 6 7 8 9 10 | 10.4
Stealth        | 1 2 |  2.1
Dodging        | 3 |  3.7
Fighting       | 2 |  2.6
Shapeshifting  | 6 8 |  8.2
Evocations     | 1 |  1.0

Action                     |  1- 3 |  4- 6 |  7- 9 | 10-12 || total
---------------------------+-------+-------+-------+-------++-------
  Melee: Unarmed           |    61 |    64 |   310 |     5 ||   440
         Constrict         |    18 |    12 |    70 |     1 ||   101
         Tentacles         |    15 |    14 |    67 |       ||    96
         Punch             |     2 |     6 |     4 |       ||    12
  Evoke: Wand              |       |       |     2 |       ||     2
    Use: Scroll            |     5 |     2 |     6 |       ||    13
         Potion            |       |       |       |     1 ||     1
   Stab: Sleeping          |     2 |     9 |     4 |       ||    15
         Distracted        |       |       |     1 |       ||     1
 Armour: Skin              |    22 |    16 |    81 |     8 ||   127
  Dodge: Dodged            |    42 |    33 |   252 |     3 ||   330
  Block: Buckler           |       |       |     7 |       ||     7
   Form: Flux              |       |       |     1 |       ||     1
